 Dungeon Crawl Stone Soup version 0.27.1-33-g824d729ab1 (webtiles) character file.

Game seed: 14600839233349950599

136666 sking99 the Brawler (level 17, -9/84 HPs)
             Began as a Vine Stalker Gladiator on Dec 10, 2021.
             Was the Champion of Hepliaklqana.
             Mangled by Arachne (26 damage)
             ... on level 4 of the Spider Nest.
             The game lasted 00:55:02 (22140 turns).

sking99 the Brawler (Vine Stalker Gladiator)       Turns: 22140, Time: 00:55:03

Health: -9/84      AC: 22    Str: 29    XL:     17   Next: 22%
Magic:  0/21       EV: 15    Int:  8    God:    Hepliaklqana [******]
Gold:   2070       SH:  5    Dex: 18    Spells: 16/16 levels left

rFire    . . .     SeeInvis .     - Unarmed
rCold    + . .     Faith    .   C - +0 buckler
rNeg     + . .     Spirit   +   s - +0 pearl dragon scales
rPois    +         Reflect  .   b - +0 helmet
rElec    .         Harm     .   I - +1 cloak of the Shoals {rPois rC+ Str+6 Dex-5}
rCorr    .         Rampage  .   r - +2 pair of gloves
Will     ++...                  (no boots)
Stlth    ..........             d - amulet of regeneration
HPRegen  2.24/turn              f - +6 ring of dexterity
MPRegen  0.17/turn              g - +4 ring of slaying

@: studying Shields
A: reduced essence, fangs 3, regeneration 1, magic shield, antimagic bite, no
potion heal 2, low mp 1
a: Renounce Religion, Recall Ancestor, Ancestor Identity, Transference, Idealise


You were on level 4 of the Spider Nest.
You worshipped Hepliaklqana.
Hepliaklqana was exalted by your worship.
You visited 4 branches of the dungeon, and saw 27 of its levels.
You also visited: Ossuary.

You collected 2598 gold pieces.
You spent 528 gold pieces at shops.

Inventory:

Missiles
 c - 7 throwing nets (quivered)
Armour
 b - a +0 helmet (worn)
 r - a +2 pair of gloves (worn)
 s - +0 pearl dragon scales (worn)
 C - a +0 buckler (worn)
 I - the +1 cloak of the Shoals (worn) {rPois rC+ Str+6 Dex-5}
   (You found it on level 5 of the Lair of Beasts)

   Str:       It affects your strength (+6).
   Dex:       It affects your dexterity (-5).
   rC:        It protects you from cold.
   rPois:     It protects you from poison.
 R - a +1 helmet of see invisible
Jewellery
 d - an amulet of regeneration (around neck)
 f - a +6 ring of dexterity (left hand)
 g - a +4 ring of slaying (right hand)
 i - a ring of ice
 q - a ring of flight
 K - a +6 ring of intelligence
 O - a +4 ring of evasion
 Q - a ring of positive energy
 T - an amulet of the acrobat
Wands
 a - a wand of paralysis (22)
 p - a wand of flame (79)
 x - a wand of polymorph (17)
 E - a wand of acid (16)
 F - a wand of iceblast (30)
 J - a wand of digging (13)
Scrolls
 e - 8 scrolls of teleportation
 n - 6 scrolls of blinking
 t - 8 scrolls of fear
 u - 4 scrolls of amnesia
 y - 5 scrolls of enchant weapon
 A - 5 scrolls of fog
 B - a scroll of torment
 G - a scroll of enchant armour
 H - a scroll of magic mapping
 L - 7 scrolls of identify
 M - a scroll of silence
 P - a scroll of summoning
Potions
 h - 2 potions of invisibility
 j - 14 potions of curing
 k - 2 potions of mutation
 l - 3 potions of might
 m - 2 potions of lignification
 o - 3 potions of haste
 w - 5 potions of brilliance
 z - a potion of resistance
 D - 2 potions of flight
 N - 3 potions of attraction
 S - a potion of berserk rage
Miscellaneous
 v - a piece from Xom's chessboard (15/15)


   Skills:
 + Level 12.7 Fighting
 + Level 5.2 Throwing
 + Level 11.6 Armour
 - Level 9.2 Dodging
 - Level 4.0 Shields
 * Level 18.5 Unarmed Combat
 - Level 7.0 Invocations


You had 16 spell levels left.
You didn't know any spells.
Your spell library contained the following spells:

 Spells                   Type           Power      Damage    Failure   Level
 Animate Skeleton         Necr           0%         N/A       65%         1
 Corona                   Hex            0%         N/A       65%         1
 Magic Dart               Conj           0%         1d3       65%         1
 Pain                     Necr           0%         1d4       65%         1
 Call Imp                 Summ           0%         N/A       80%         2
 Ensorcelled Hibernation  Hex/Ice        0%         N/A       80%         2
 Slow                     Hex            0%         N/A       80%         2
 Call Canine Familiar     Summ           0%         N/A       95%         3
 Confusing Touch          Hex            0%         N/A       95%         3
 Ignite Poison            Fire/Tmut/Pois 0%         N/A       95%         3
 Mephitic Cloud           Conj/Pois/Air  0%         N/A       95%         3
 Portal Projectile        Hex/Tloc       0%         N/A       95%         3
 Stone Arrow              Conj/Erth      0%         3d7       95%         3
 Summon Guardian Golem    Hex/Summ       0%         N/A       95%         3
 Tukima's Dance           Hex            0%         N/A       95%         3
 Vampiric Draining        Necr           0%         2d6       95%         3
 Animate Armour           Summ/Erth      0%         N/A       100%        4
 Leda's Liquefaction      Hex/Erth       0%         N/A       100%        4
 Passage of Golubria      Tloc           N/A        N/A       100%        4
 Blade Hands              Tmut           0%         N/A       100%        5
 Bolt of Magma            Conj/Fire/Erth 0%         4d4       100%        5
 Excruciating Wounds      Necr           0%         N/A       100%        5
 Yara's Violent Unravell  Hex/Tmut       0%         3d3       100%        5
 Dispersal                Tloc           0%         N/A       100%        6
 Statue Form              Tmut/Erth      0%         N/A       100%        6
 Orb of Destruction       Conj           0%         N/A       100%        7
 Spellforged Servitor     Conj/Summ      0%         N/A       100%        7
 Disjunction              Tloc           0%         N/A       100%        8
 Lehudib's Crystal Spear  Conj/Erth      0%         10d2      100%        8


Dungeon Overview and Level Annotations

Branches:
Dungeon (15/15)            Temple (0/1) D:5            Lair (6/6) D:11
 Shoals (0/4) Lair:3       Spider (4/4) Lair:3        Slime (0/5) Lair:6
    Orc (2/2) D:11            Elf (0/3) Orc:2        Vaults (0/5) D:14
 Depths (0/5) D:15        Ossuary (visited)

Altars:
Ashenzari
Cheibriados
Dithmenos
Elyvilon
Fedhas
Gozag
Hepliaklqana
Kikubaaqudgha
Trog
Wu Jian
Xom
Yredelemnul
Zin
The Shining One
Beogh

Shops:
Orc:2 [(*:

Annotations:
D:11 3 runed translucent doors
Lair:3 exclusion: 3 oklob plants
Lair:5 1 runed translucent door, Jeban's ghost, journeyman OpFi
Spider:4 Arachne


Innate Abilities, Weirdness & Mutations

Your life essence is reduced to manifest your ancestor. (-10% HP)
You have razor-sharp teeth.
Your natural rate of healing is unusually fast.
When hurt, damage is shared between your health and your magic reserves.
Your bite disrupts and absorbs the magic of your enemies.
Potions cannot restore your health.
Your magical capacity is low. (-10% MP)


Message History

Arachne envenoms you.
You pummel Arachne!! You bite Arachne.
Arachne's magic leaks into the air.
You drain her magic.
You feel invigorated.
Arachne is heavily wounded.
The redback seems less drained.
Arachne falters for a moment.
Your pearl dragon scales prevents you from hitting Arachne.
Your bite misses Arachne.
Arachne is heavily wounded.
Arachne hits you but does no damage. Arachne envenoms you.
You completely miss Arachne. Your bite misses Arachne.
Arachne is heavily wounded.
Arachne says, "Come closer, little fly."
Arachne closely misses you.
You pummel Arachne!! Your bite misses Arachne.
Arachne is severely wounded.
Arachne hits you with a staff of poison!
Arachne envenoms you.
You punch Arachne! You bite Arachne!
Arachne's magic leaks into the air.
You drain her magic.
You feel invigorated.
Arachne is severely wounded.
Arachne hits you with a staff of poison!!
Arachne envenoms you.
You are poisoned.
Okay, then.
Your system rejects the healing.
You feel better.
Arachne hits you with a staff of poison!!
* * * LOW HITPOINT WARNING * * *
Arachne envenoms you.
* * * LOW HITPOINT WARNING * * *
You are poisoned.
You pummel Arachne!! Your bite misses Arachne.
Arachne is almost dead.
You feel sick.
Arachne points her staff at you, shooting a stream of webbing.
The stream of webbing hits you but does no damage.
You are caught in a web!
The web tears apart.
You feel sick.
You are no longer poisoned.
Arachne hits you with a staff of poison!!
You die...

.........##.####....## .##
........##...##...^## ##
........#....#.#..##
.....^###......##.#
..^####..R#.......#
.###.###..#######.## .#..##
#...## #ss#####
.#..####.^^.######sy...#####
.##.#^####.##...@Hsss...^...
####^^^...##..#####ss.#####
.#..##....##.## #s..#
...^#^##..#### #^..#
..######### #ss.# ..# #ys.#
### #s†.# #s''# ..^....


You could see Arachne (strong), a wolf spider, a hornet, 3 tarantellas and 2
redbacks.

Vanquished Creatures
  Saint Roka (Orc:2)
  Gastronok (D:10)
  A ghost moth (Spider:4)
  An orc warlord (Orc:1)
  An emperor scorpion (Spider:1)
  A very ugly thing (D:15)
  Nessos (D:13)
  A spark wasp (Spider:4)
  A fire dragon (Lair:6)
  Harold (D:9)
  A rakshasa (D:15)
  A vault guard (D:14)
  2 boulder beetles
  An ogre mage (D:15)
  10 hydras
  5 centaur warriors
  A death knight (D:13)
  4 catoblepae
  6 two-headed ogres
  4 death yaks
  3 tengu warriors
  An orc high priest (Orc:2)
  Urug (Orc:1)
  An orc knight (Orc:1)
  3 lindwurms
  A deep elf pyromancer (D:15)
  15 wolf spiders
  9 orb spiders
  5 cyclopes
  9 ugly things
  7 orc sorcerers
  A moth of wrath (Spider:1)
  18 elephants
  Joseph (D:9)
  4 black mambas
  2 molten gargoyles (Lair:6)
  4 torpor snails
  13 cane toads
  An unseen horror (D:11)
  Maggie (D:9)
  A yaktaur (D:14)
  An efreet (D:13)
  10 komodo dragons
  A tengu conjurer (D:15)
  12 demonic crawlers
  2 freezing wraiths
  12 jumping spiders
  9 trolls
  A wolf spider simulacrum (D:15)
  4 polar bears
  Prince Ribbit (D:9)
  6 hornets
  4 slime creatures
  A meliai zombie (D:11)
  10 blink frogs
  5 dream sheep
  51 redbacks
  22 tarantellas
  3 wraiths
  38 yaks
  2 vampires
  6 wyverns
  7 basilisks
  A golden eye (shapeshifter) (D:14)
  5 vampire mosquitoes
  A steam dragon (Lair:6)
  2 wargs (Orc:1)
  An acid dragon (D:12)
  3 swamp worms (Lair:2)
  17 water moccasins
  5 hell hounds (Lair:6)
  A hexer (Orc:2)
  24 orc warriors
  A sky beast (D:6)
  6 ogres
  3 boggarts (D:15)
  29 wolves
  A centaur (D:7)
  Blork the orc (D:5)
  2 kobold brigands
  12 bullfrogs
  A scorpion (D:7)
  3 gnoll sergeants
  A water moccasin skeleton (D:5)
  5 wights (D:8)
  2 killer bees (D:8)
  3 howler monkeys
  4 lava snakes (Lair:6)
  4 centaur zombies
  4 jellies
  2 hounds
  2 human zombies (Ossuary)
  10 orc priests
  2 gnoll shamans
  An iguana (D:6)
  Terence (D:3)
  4 hell rats (Lair:2)
  9 orc wizards
  A hound zombie (Ossuary)
  A howler monkey zombie (D:9)
  4 mummies (Ossuary)
  15 gnolls
  8 adders
  A howler monkey skeleton (D:5)
  A shadow imp (D:7)
  3 white imps
  An ufetubus (D:5)
  An adder zombie (Ossuary)
  A worm (D:2)
  A dart slug (D:1)
  43 orcs
  5 endoplasms
  A giant cockroach (D:4)
  5 goblins
  8 hobgoblins
  2 jackals (D:1)
  10 kobolds
  3 quokkas
  6 ball pythons
  A ball python skeleton (D:2)
  4 bats
  A frilled lizard (D:3)
  2 gnoll zombies (Ossuary)
  2 goblin zombies (Ossuary)
  An orc zombie (Ossuary)
  8 rats
667 creatures vanquished.

Vanquished Creatures (collateral kills)
  2 centaur warriors
  3 two-headed ogres
  3 death yaks
  A sea snake (shapeshifter) (D:15)
  A glowing orange brain (D:15)
  An ugly thing (D:12)
  3 wolf spiders (Spider:1)
  4 elephants
  A cane toad (Lair:2)
  A molten gargoyle (Lair:6)
  A komodo dragon (D:10)
  A polar bear (Lair:2)
  A jumping spider (Lair:3)
  A demonic crawler (Spider:4)
  4 blink frogs
  A polar bear (shapeshifter) (D:12)
  A troll (D:11)
  A hornet (D:8)
  3 redbacks
  3 tarantellas
  4 yaks
  2 wyverns
  3 basilisks
  2 vampire mosquitoes
  3 orc warriors (Orc:2)
  3 wolves
  A bullfrog (Lair:2)
  2 scorpions
  A centaur zombie (D:5)
  A lava snake (Lair:6)
  2 orc priests
  2 bullfrog skeletons
  5 orc wizards
  A hound skeleton (D:4)
  4 gnolls
  3 adders
  A white imp (D:7)
  7 orcs
  A hobgoblin zombie (Ossuary)
  7 kobolds
  2 orc zombies (Ossuary)
94 creatures vanquished.

Vanquished Creatures (others)
  An orc warrior (Orc:2)
  17 hexers
  A gnoll (D:13)
  38 fungi
  35 plants
92 creatures vanquished.

Grand Total: 853 creatures vanquished

Notes
Turn   | Place    | Note
-------+----------+-------------------------------------------
     0 | D:1      | sking99 the Vine Stalker Gladiator began the quest for the
                  | Orb.
     0 | D:1      | Reached XP level 1. HP: 11/11 MP: 2/2
    92 | D:1      | Reached XP level 2. HP: 15/15 MP: 3/3
   224 | D:1      | Found a faded altar of an unknown god.
   237 | D:1      | Became a worshipper of Hepliaklqana the Forgotten
   237 | D:1      | Reached * piety under Hepliaklqana
   592 | D:2      | Reached XP level 3. HP: 16/16 MP: 4/4
  1377 | D:3      | Gained mutation: Your natural rate of healing is unusually
                  | fast. [Vine Stalker growth]
  1377 | D:3      | Reached XP level 4. HP: 16/20 MP: 3/5
  1513 | D:3      | Reached ** piety under Hepliaklqana
  1514 | D:3      | Remembered your ancestor Necuametl as a hexer
  1524 | D:3      | Reached skill level 4 in Unarmed Combat
  1697 | D:3      | Noticed Terence
  1710 | D:3      | Killed Terence
  1711 | D:3      | Reached skill level 1 in Armour
  1711 | D:3      | Reached XP level 5. HP: 24/24 MP: 6/6
  2245 | D:4      | Noticed a wyvern
  2255 | D:4      | Killed a wyvern
  2256 | D:4      | Reached skill level 5 in Unarmed Combat
  2256 | D:4      | Reached XP level 6. HP: 12/28 MP: 0/7
  2465 | D:5      | Entered Level 5 of the Dungeon
  2495 | D:5      | Reached *** piety under Hepliaklqana
  2501 | D:5      | Noticed Blork the orc
  2515 | D:5      | Killed Blork the orc
  2516 | D:5      | Reached XP level 7. HP: 28/32 MP: 8/8
  2633 | D:5      | Found a staircase to the Ecumenical Temple.
  2742 | D:5      | Reached skill level 6 in Unarmed Combat
  3255 | D:6      | Gained mutation: You have razor-sharp teeth. [Vine Stalker
                  | growth]
  3255 | D:6      | Reached XP level 8. HP: 37/37 MP: 9/9
  3320 | D:6      | Found a basalt altar of Yredelemnul.
  3359 | D:6      | Reached **** piety under Hepliaklqana
  3383 | D:6      | Reached skill level 7 in Unarmed Combat
  3484 | D:6      | Found a shadowy altar of Dithmenos.
  3585 | D:6      | Found an ornate altar of the Wu Jian Council.
  3896 | D:7      | Reached skill level 5 in Fighting
  3896 | D:7      | Reached skill level 8 in Unarmed Combat
  4005 | D:7      | Found a sand-covered staircase.
  4017 | Ossuary  | Entered an ossuary
  4040 | Ossuary  | Reached XP level 9. HP: 42/42 MP: 8/10
  4441 | D:8      | Found an opulent altar of Gozag.
  4441 | D:8      | Found a glowing silver altar of Zin.
  4499 | D:8      | Found a large runed translucent door.
  4500 | D:8      | Found a large runed translucent door.
  4529 | D:8      | Noticed a hornet
  4536 | D:8      | Killed a hornet
  4635 | D:8      | Found a shimmering altar of Xom.
  4842 | D:8      | Reached ***** piety under Hepliaklqana
  4959 | D:8      | Reached skill level 9 in Unarmed Combat
  5073 | D:8      | Found a snail-covered altar of Cheibriados.
  5103 | D:8      | Noticed a two-headed ogre
  5109 | D:8      | Killed a two-headed ogre
  5110 | D:8      | Reached skill level 5 in Armour
  5159 | D:8      | Reached skill level 10 in Unarmed Combat
  5159 | D:8      | Reached XP level 10. HP: 47/47 MP: 9/11
  5326 | D:8      | Found a bloodstained altar of Trog.
  5334 | D:8      | Found a glowing golden altar of the Shining One.
  5384 | D:9      | Noticed Prince Ribbit
  5388 | D:9      | Noticed Harold
  5399 | D:9      | Killed Harold
  5402 | D:9      | Killed Prince Ribbit
  5441 | D:9      | Found an ancient bone altar of Kikubaaqudgha.
  5464 | D:9      | Noticed a two-headed ogre
  5477 | D:9      | Killed a two-headed ogre
  5478 | D:9      | Reached skill level 11 in Unarmed Combat
  5697 | D:9      | Found a white marble altar of Elyvilon.
  5753 | D:9      | Found a broken altar of Ashenzari.
  5791 | D:9      | Noticed Maggie
  5792 | D:9      | Noticed Joseph
  5799 | D:9      | Killed Maggie
  5806 | D:9      | Killed Joseph
  6033 | D:9      | Reached XP level 11. HP: 52/52 MP: 12/12
  6188 | D:9      | Noticed a two-headed ogre
  6195 | D:9      | Killed a two-headed ogre
  6196 | D:9      | Reached skill level 12 in Unarmed Combat
  6248 | D:10     | Entered Level 10 of the Dungeon
  6341 | D:10     | Noticed Gastronok
  6354 | D:10     | Killed Gastronok
  6355 | D:10     | Reached skill level 1 in Invocations
  6529 | D:10     | Found a blossoming altar of Fedhas.
  7212 | D:11     | Noticed a cyclops
  7219 | D:11     | Killed a cyclops
  7239 | D:11     | Found a staircase to the Lair.
  7239 | D:11     | Found a staircase to the Orcish Mines.
  7260 | D:11     | Reached XP level 12. HP: 32/58 MP: 8/15
  7613 | D:11     | Found a runed translucent gate.
  7613 | D:11     | Found a runed translucent gate.
  7614 | D:11     | Found a runed translucent gate.
  7616 | D:11     | Noticed a white very ugly thing
  7710 | D:11     | Reached skill level 13 in Unarmed Combat
  7982 | Lair:1   | Entered Level 1 of the Lair of Beasts
  8185 | Lair:1   | Noticed a six-headed hydra
  8194 | Lair:1   | Killed a six-headed hydra
  8468 | Lair:1   | Reached ****** piety under Hepliaklqana
  9171 | Lair:2   | Reached skill level 5 in Dodging
  9176 | Lair:2   | Reached skill level 5 in Invocations
  9234 | Lair:2   | Noticed a catoblepas
  9244 | Lair:2   | Killed a catoblepas
  9441 | Lair:2   | Reached XP level 13. HP: 63/63 MP: 17/17
  9826 | Lair:3   | Reached skill level 14 in Unarmed Combat
  9864 | Lair:3   | Found a hole to the Spider Nest.
 10233 | Lair:3   | Found a staircase to the Shoals.
 10627 | Lair:4   | Reached skill level 10 in Fighting
 10942 | Lair:4   | Reached skill level 15 in Unarmed Combat
 10942 | Lair:4   | Reached XP level 14. HP: 63/69 MP: 20/20
 11142 | Lair:5   | Found a runed translucent door.
 11540 | Lair:5   | Noticed Jeban's ghost (journeyman OpFi)
 11563 | Lair:5   | Identified the +1 cloak of the Shoals {rPois rC+ Str+6
                  | Dex-5}
 11706 | Lair:6   | Entered Level 6 of the Lair of Beasts
 12306 | Lair:6   | Found a staircase to the Slime Pits.
 12540 | Lair:6   | Reached skill level 16 in Unarmed Combat
 12600 | Lair:6   | Found a large runed translucent door.
 12603 | Lair:6   | Found a large runed translucent door.
 12720 | Lair:6   | Reached skill level 10 in Armour
 13382 | D:12     | Reached XP level 15. HP: 60/73 MP: 16/21
 14284 | D:12     | Identified the +11 spear of the Orange Skies {antimagic,
                  | Int+3}
 14529 | D:13     | Noticed Nessos
 14560 | D:13     | Killed Nessos
 15234 | D:14     | Found a gate to the Vaults.
 16180 | D:15     | Entered Level 15 of the Dungeon
 16307 | D:15     | Paralysed by an ogre mage for 6 turns
 16320 | D:15     | Reached skill level 17 in Unarmed Combat
 16751 | D:15     | Found a staircase to the Depths.
 17109 | Orc:1    | Entered Level 1 of the Orcish Mines
 17134 | Orc:1    | Noticed Urug
 17147 | Orc:1    | Killed Urug
 17287 | Orc:1    | Reached XP level 16. HP: 79/79 MP: 22/22
 17586 | Orc:2    | Entered Level 2 of the Orcish Mines
 17586 | Orc:2    | Found Viol's Antique Weapon Emporium.
 17842 | Orc:2    | Found Wuarch's Antique Armour Emporium.
 17856 | Orc:2    | Gained mutation: Your magical capacity is low. (-10% MP) [a
                  | neqoxec]
 18062 | Orc:2    | Found Dorenn's General Store.
 18182 | Orc:2    | Noticed Saint Roka
 18421 | Orc:2    | Killed Saint Roka
 18536 | Orc:2    | Found a staircase to the Elven Halls.
 18684 | Orc:2    | Found Wist's Book Shop.
 18742 | Orc:2    | Bought a buckler for 112 gold pieces
 18781 | Orc:2    | Bought a book of Weapons for 416 gold pieces
 19223 | Spider:1 | Entered Level 1 of the Spider Nest
 19310 | Spider:1 | Reached skill level 1 in Shields
 20298 | Spider:1 | Reached skill level 18 in Unarmed Combat
 21412 | Spider:4 | Entered Level 4 of the Spider Nest
 21489 | Spider:4 | Reached XP level 17. HP: 81/84 MP: 19/21
 21812 | Spider:4 | Reached skill level 5 in Throwing
 22092 | Spider:4 | Noticed Arachne
 22140 | Spider:4 | Mangled by Arachne

Illustrated notes

Levels and vault maps discovered:
D:1:      minmay_arrival_radiant_lines, layout_loops_ring,
          hellmonk_ecumenical_altar_crossroads
D:2:      layout_loops_ring, grunt_decor_junction, st_stairs_2
D:3:      layout_basic, uniq_terence
D:4:      layout_gridville, eino_tiny_chamber
D:5:      layout_gridville, minmay_temple_entry_enclosed_plants,
          uniq_blork_the_orc
D:6:      layout_rooms, nzn_wu_jian_council_hall,
          mainiacjoe_overflow_concentric_impassable, amcnicky_altar_gilded
D:7:      layout_gridville, enter_ossuary_1
D:8:      layout_cave_pods, grunt_temple_overflow_gold_and_silver,
          nicolae_overflow_crystal_walls, mainiacjoe_overflow_24_doors,
          jmf_multi_god_temple2, kennysheep_small_circle
D:9:      layout_loops_ring, mainiacjoe_overflow_catwalk,
          mainiacjoe_overflow_small_starburst, evilmike_ruin_ashenzari,
          uniq_prince_ribbit1, uniq_maggie, uniq_harold, uniq_joseph
D:10:     layout_stronghold, mainiacjoe_overflow_paths,
          minmay_misc_feat_hallway, uniq_gastronok
D:11:     layout_cave_pools, david_lair_shrubbed, orc_0_dummy,
          ploomutoo_gammafunk_ghost_potion_laboratory, serial_co_window_serial,
          co_window_corner_a, co_window_paths_a, co_window_paths_a,
          co_window_paths_a, co_window_paths_b, co_window_paths_b,
          co_window_of_opportunity_b, co_window_2corner, co_window_corner_b,
          co_window_corner_b, glass_columns_a, glass_columns_b, glass_columns_c,
          glass_columns_c, serial_bayou_pond_a, feat_on_display
D:12:     layout_stronghold
D:13:     layout_roguey, uniq_nessos
D:14:     minmay_the_grid_four_pointed_star_mashed
          [minmay_the_grid_triangle_9x9_swiss_cheese,
          minmay_the_grid_triangle_9x9_checkered,
          minmay_the_grid_triangle_9x9_descending_squares,
          minmay_the_grid_triangle_9x9_from_above,
          minmay_the_grid_prize_big_room], layout_grid_maze, david_vaults_5,
          chequers_serial_rivers_small_3
D:15:     gammafunk_enter_depths_forms, layout_layer_cave, skrybe_limestone_x
Lair:1:   layout_cellular_growth, lemuel_fruit_tree
Lair:2:   layout_regular_city, worms_lemuel
Lair:3:   minmay_lair_oklob_tunnel, layout_misc_corridors, shoals_dummy_entry,
          spider_nest_entry_a, grunt_megastairs_1, minmay_lair_oklob_chamber
Lair:4:   layout_hall_layers
Lair:5:   layout_loops_ring, ebering_ghost_inner_flame
Lair:6:   cheibrodos_lair_end_hotspot, layout_gridlike,
          minmay_slime_entry_pillars
Spider:1: layout_spider_delve
Spider:2: layout_spider_delve, guppyfry_hornet_nest,
          hangedman_spider_tarantella_strand
Spider:3: layout_spider_delve
Spider:4: johnstein_spider_rune_arachne_lair
Orc:1:    layout_diamond_mine, basic_altar, uniq_urug
Orc:2:    grunt_orc_gardens, layout_diamond_mine, grunt_orc_garden,
          grunt_orc_garden, grunt_orc_garden, grunt_orc_garden, uniq_saint_roka

Skill      XL: |  1  2  3  4  5  6  7  8  9 10 11 12 13 14 15 16 17 |
---------------+----------------------------------------------------+-----
Fighting       | 2 3 4 5 6 7 8 9 10 11 12 | 12.7
Throwing       | 2 3 4 5 |  5.2
Unarmed Combat | 4 5 6 8 10 11 12 13 15 16 17 18 | 18.5
Armour         | 1 2 3 4 5 6 7 8 9 10 11 | 11.6
Dodging        | 3 5 6 7 8 9 |  9.2
Invocations    | 3 5 6 7 |  7.0
Shields        | 4 |  4.0

Action                   |  1- 3 |  4- 6 |  7- 9 | 10-12 | 13-15 | 16-18 || total
-------------------------+-------+-------+-------+-------+-------+-------++-------
Melee: Unarmed           |    93 |    95 |   209 |   354 |   699 |   531 ||  1981
       Bite              |    34 |    36 |    83 |   158 |   369 |   231 ||   911
       Punch             |     4 |     3 |    15 |    37 |    95 |    17 ||   171
Invok: Ancestor Life: He |       |     1 |       |       |       |       ||     1
       Idealise          |       |       |       |       |       |     2 ||     2
       Recall Ancestor   |       |       |       |       |       |     1 ||     1
       Transference      |       |       |       |       |       |     1 ||     1
  Use: Scroll            |       |       |    14 |     4 |     8 |     2 ||    28
       Potion            |       |       |       |       |       |     3 ||     3
 Stab: Distracted        |     1 |     1 |     2 |     9 |    13 |     5 ||    31
       Sleeping          |     1 |       |       |       |       |       ||     1
       Confused          |       |     5 |     1 |     8 |    11 |     8 ||    33
       Petrified         |       |       |       |     1 |       |       ||     1
       Paralysed         |       |       |       |       |    17 |    15 ||    32
Armor: Leather armour    |    20 |       |       |       |       |       ||    20
       Chain mail        |     7 |    36 |    88 |       |       |       ||   131
       Pearl dragon scal |       |       |    21 |   152 |   337 |   292 ||   802
Dodge: Dodged            |    46 |    36 |   109 |   147 |   431 |   434 ||  1203
Block: Buckler           |       |       |       |       |       |    88 ||    88
